Map: Orbital Shipyard

Players

Ganxieni - Winner!

  • Race: Zerg Zerg
  • League: Master

Miszu

  • Race: Terran Terran
  • League: Master

VOD

Have the link to the VOD?

Description

Time

  • Played on: March 18, 2016, 4:06 p.m.
  • Length: 6:59
Show
View Real Time Build Order
Export as new Build Order

Ganxieni Zerg - Winner!

Build Orders: Hatch First 

Get SALT Encoding   

  12  0:02  Drone  
  13  0:12  Overlord  
  13  0:18  Drone  
  14  0:31  Drone x2  
  14  0:35  Drone  
  17  0:53  Hatchery  
  17  0:54  Drone  
  17  0:58  Extractor  
  17  1:01  Drone  
  17  1:15  Spawning Pool  
  16  1:19  Drone  
  16  1:22  Drone  
  18  1:30  Drone  
  19  1:40  Overlord  
  19  2:02  Queen  
  19  2:03  Zergling x4  
  19  2:05  Metabolic Boost, Queen  
  25  2:09  Drone  
  25  2:12  Drone  
  28  2:15  Drone  
  28  2:21  Overlord  
  28  2:31  Drone  
  29  2:37  Queen  
  29  2:38  Drone  
  32  2:48  Overlord  
  32  2:49  Drone x2  
  33  2:54  Zergling x2  
  34  3:03  Zergling x2  
  35  3:06  Hatchery  
  35  3:08  Drone  
  35  3:12  Drone x2  
  37  3:13  Drone  
  38  3:20  Drone x3  
  38  3:21  Drone  
  38  3:25  Drone  
  43  3:31  Queen  
  43  3:32  Drone x2  
  47  3:41  Drone  
  47  3:43  Drone  
  47  3:44  Drone  
  47  3:46  Drone  
  51  3:53  Overlord  
  51  3:57  Overlord  
  51  3:59  Extractor  
  51  4:00  Drone, Evolution Chamber  
  51  4:01  Drone, Evolution Chamber  
  51  4:02  Drone  
  51  4:13  Drone x2  
  51  4:15  Drone  
  54  4:18  Queen  
  54  4:21  Drone x3  
  54  4:22  Drone  
  60  4:25  Drone  
  60  4:26  Zerg Melee Weapons Level 1  
  60  4:28  Drone  
  60  4:29  Drone  
  63  4:31  Drone  
  63  4:35  Zerg Ground Armor Level 1  
  64  4:45  Drone x3  
  67  4:47  Overlord  
  67  4:50  Extractor  
  67  4:51  Extractor, Drone x3  
  68  4:53  Drone, Spore Crawler  
  68  4:57  Drone x2  
  68  4:59  Zergling x4  
  72  5:04  Overlord  
  72  5:09  Overlord  
  72  5:10  Overlord  
  72  5:12  Lair  
  72  5:17  Drone, Hatchery  
  72  5:20  Drone  
  73  5:23  Overlord  
  73  5:24  Zergling x2  
  73  5:25  Zergling x8  
  78  5:31  Overlord  
  78  5:34  Baneling Nest  
  77  5:39  Zergling x2  
  77  5:40  Zergling x12  
  84  5:45  Drone x2  
  84  5:47  Pneumatized Carapace  
  84  5:48  Zergling x6  
  89  5:55  Overlord  
  89  5:56  Zergling x2  
  90  5:59  Drone  
  90  6:00  Drone  
  92  6:08  Zergling x10  
  97  6:16  Drone x3  
  97  6:17  Extractor  
  98  6:19  Baneling  
  98  6:20  Baneling x13  
  98  6:21  Zergling x6  
  101  6:28  Drone  
  102  6:35  Zergling x12  
  93  6:54  Extractor  
  93  6:56  Spore Crawler  
Show
View Real Time Build Order
Export as new Build Order

Miszu Terran 

Build Orders: MMM Bio 

Get SALT Encoding   

  12  0:00  SCV  
  13  0:13  SCV  
  14  0:17  Supply Depot  
  14  0:25  SCV  
  15  0:39  SCV  
  15  0:41  Barracks  
  16  0:43  Refinery  
  16  0:51  SCV  
  17  1:03  SCV  
  18  1:15  SCV  
  19  1:27  Orbital Command  
  19  1:28  Barracks Reactor  
  19  1:38  Command Center  
  19  1:47  Supply Depot  
  19  1:53  SCV  
  20  2:05  SCV  
  20  2:08  Reaper x2  
  23  2:17  SCV  
  24  2:27  Command Center  
  24  2:29  SCV  
  25  2:41  Reaper x2, SCV  
  28  2:49  Refinery  
  28  2:50  Orbital Command  
  28  2:53  SCV  
  30  3:05  SCV  
  30  3:11  Barracks  
  30  3:13  Barracks  
  30  3:17  Reaper x2, SCV  
  33  3:20  SCV  
  34  3:29  SCV  
  34  3:32  SCV  
  36  3:42  SCV  
  36  3:44  SCV  
  38  3:48  Orbital Command  
  38  3:52  Factory  
  38  3:54  SCV  
  39  3:56  SCV  
  39  4:00  Barracks Tech Lab  
  39  4:01  Barracks Tech Lab  
  40  4:06  SCV  
  40  4:09  Marine x2  
  43  4:10  SCV  
  43  4:13  Orbital Command  
  44  4:18  SCV  
  44  4:19  Stimpack  
  44  4:22  SCV  
  44  4:23  Marine x2  
  48  4:24  Refinery x2  
  48  4:27  Marine  
  48  4:30  Engineering Bay, SCV  
  50  4:33  Engineering Bay  
  50  4:34  SCV  
  51  4:38  Marine  
  51  4:41  Marine, SCV  
  51  4:42  Supply Depot, SCV  
  55  4:47  SCV  
  55  4:48  Starport, Factory Reactor  
  56  4:53  Marine x2, SCV  
  56  4:54  SCV  
  56  4:56  Marine  
  61  5:02  Terran Infantry Weapons Level 1, Terran Infantry Armor Level 1  
  61  5:03  Marine, SCV  
  61  5:05  SCV  
  61  5:06  SCV  
  65  5:09  Supply Depot  
  65  5:10  Marine  
  65  5:12  Supply Depot, Marine  
  65  5:14  Marine, Combat Shields  
  67  5:18  SCV  
  69  5:28  Supply Depot  
  69  5:30  Marine  
  69  5:31  SCV x3  
  69  5:33  Supply Depot, Factory Tech Lab  
  73  5:36  Marine x2  
  73  5:38  Medivac  
  73  5:39  Medivac  
  73  5:40  Supply Depot  
  79  5:43  SCV x2  
  79  5:45  Marine  
  79  5:48  Marine  
  79  5:49  SCV  
  84  5:54  Marine x2  
  84  5:55  Barracks  
  84  5:57  Barracks  
  86  5:58  SCV x2  
  86  6:01  SCV, Armory  
  89  6:05  Marine  
  89  6:06  Marine  
  89  6:08  Medivac  
  89  6:10  Medivac  
  95  6:12  Marine  
  95  6:14  SCV x3  
  95  6:17  Supply Depot  
  99  6:19  Supply Depot  
  99  6:25  Supply Depot  
  99  6:26  SCV x2  
  99  6:31  Marine  
  100  6:37  Marauder  
Tags
 
Add a new tag
Caveats
  • Supply blocks, unpowered buildings, or Contaminate may cause inaccurate times.
  • Supply counts are checked every 10 seconds.